 Dungeon Crawl Stone Soup version 0.30-a0-862-g1aabd4f9c5 (webtiles) character file.

Game seed: 12363643911611380958

323 retardedninja the Shield-Bearer (level 6, -1/53 HPs)
             Began as a Gnoll Fighter on Mar 8, 2023.
             Succumbed to a gnoll bouda's poison
             ... on level 3 of the Dungeon.
             The game lasted 00:04:32 (3329 turns).

retardedninja the Shield-Bearer (Gnoll Fighter)     Turns: 3329, Time: 00:04:32

Health: -1/53      AC: 13    Str: 17    XL:     6   Next: 47%
Magic:  9/9        EV:  7    Int:  7    God:
Gold:   276        SH:  5    Dex: 12    Spells: 9/9 levels left

rFire   . . .      SeeInvis .    a - +0 war axe
rCold   . . .      Faith    .    c - +0 buckler
rNeg    . . .      Spirit   .    m - +0 chain mail
rPois   .          Reflect  .    (no helmet)
rElec   .          Rampage  .    h - +2 cloak
rCorr   .                        (no gloves)
Will    .....                    (no boots) Stlth
                                 (no amulet)
HPRegen 0.28/turn                (no ring)
MPRegen 0.11/turn                (no ring)

@: lethally poisoned (-1 -> -20), on berserk cooldown, slowed, very slow
A: fangs 1, strong nose, distributed training
a: no special abilities


You were on level 3 of the Dungeon.
You visited 1 branch of the dungeon, and saw 4 of its levels.

You collected 276 gold pieces.

Inventory:

Hand Weapons
 a - a +0 war axe (weapon)
Missiles
 j - 3 boomerangs (quivered)
 u - 4 javelins
Armour
 c - a +0 buckler (worn)
 h - a +2 cloak (worn)
 m - a +0 chain mail (worn)
Wands
 e - a wand of iceblast (8)
 s - a wand of digging (8)
 v - a wand of acid (9)
Scrolls
 n - a scroll of noise {unknown}
 p - 2 scrolls of teleportation {unknown}
 r - a scroll of identify
Potions
 b - a potion of brilliance {unknown}
 d - 4 potions of might
 f - a potion of resistance
 i - a potion of cancellation
 k - 3 potions of curing
 l - a potion of attraction {unknown}
 o - 2 potions of heal wounds {unknown}
 q - a potion of flight {unknown}
 t - a potion of degeneration {unknown}


   Skills:
 + Level 6.8 Fighting
 + Level 2.0 Short Blades
 + Level 2.0 Long Blades
 + Level 5.0 Axes
 + Level 2.0 Maces & Flails
 + Level 2.0 Polearms
 + Level 2.0 Staves
 + Level 2.0 Ranged Weapons
 + Level 2.0 Throwing
 + Level 6.8 Armour
 + Level 2.0 Dodging
 + Level 2.0 Stealth
 + Level 6.8 Shields
 + Level 2.0 Unarmed Combat
 + Level 2.0 Spellcasting
 + Level 1.6 Conjurations
 + Level 1.6 Hexes
 + Level 1.6 Summonings
 + Level 1.6 Necromancy
 + Level 1.6 Translocations
 + Level 1.6 Transmutations
 + Level 1.6 Fire Magic
 + Level 1.6 Ice Magic
 + Level 1.6 Air Magic
 + Level 1.6 Earth Magic
 + Level 1.6 Poison Magic
 + Level 2.2 Invocations
 + Level 2.0 Evocations


You had 9 spell levels left.
You didn't know any spells.
Your spell library was empty.

Dungeon Overview and Level Annotations

Branches:
Dungeon (4/15)
 Temple: D:4-7

Altars:
Elyvilon
Kikubaaqudgha
Makhleb
Okawaru
Uskayaw

Shops:
D:1 (

Annotations:
D:2 1 runed translucent door, Crazy Yiuf


Innate Abilities, Weirdness & Mutations

You have very sharp teeth.
Your uncanny sense of smell can sniff out nearby items.
Your experience applies equally to all skills.


Message History

You kill the gnoll!
You slash the gnoll!
You feel sick.
The gnoll bouda hits you with a +2 whip of venom.
You are more poisoned.
You slash the gnoll bouda! Your bite misses the gnoll bouda.
The gnoll bouda is severely wounded.
You closely miss the gnoll.
You feel very sick. The gnoll hits you with a +0 club.
The gnoll bouda hits you but does no damage.
You are more poisoned.
You closely miss the gnoll bouda.
The gnoll bouda is severely wounded.
You slash the gnoll!
You kill the gnoll!
You feel very sick.
The gnoll bouda hits you with a +2 whip of venom!
You are lethally poisoned!
You barely miss the gnoll bouda. Your bite misses the gnoll bouda.
The gnoll bouda is severely wounded.
* * * LOW HITPOINT WARNING * * *
You feel extremely sick.
The gnoll bouda hits you with a +2 whip of venom.
* * * LOW HITPOINT WARNING * * *
You are more poisoned.
You slash the gnoll bouda!
You kill the gnoll bouda!
* * * LOW HITPOINT WARNING * * *
You feel very sick.
* * * LOW HITPOINT WARNING * * *
You feel very sick.
Things that are here:
a +2 whip of venom; a +0 leather armour You feel a strong urge to attack something.
* * * LOW HITPOINT WARNING * * *
You feel very sick.
You are no longer berserk.
You are exhausted.
You feel yourself slow down.
You die...

###...##..##............###.....#
##...###..##.##.........#########
##.#.##...##.##..................
#....#..#..#.#...................
....##.......................#...
............................#####
#...##...###....)............#
....##...#######.>)..........#
#.####..........@##..........#
#.##################.........#
....####......(..# #.........#
..#...#..#######.# #........##
####.........#...###.#.....## .#
#.......#..........###### .#
#.....#..#######.#.# .#
#.#.#.##.........#.## ##
#.....############..##


There were no monsters in sight!

Vanquished Creatures
  An orc priest (D:3)
  A gnoll bouda (D:3)
  Natasha (thrice) (D:2)
  3 gnolls (D:3)
  8 adders
  A worm (D:2)
  A dart slug (D:2)
  9 orcs
  8 endoplasms
  5 giant cockroaches
  7 goblins
  5 hobgoblins
  10 kobolds
  3 quokkas
  4 ball pythons
  3 bats
  2 frilled lizards
  3 rats
77 creatures vanquished.

Notes
Turn   | Place    | Note
-------+----------+-------------------------------------------
     0 | D:1      | retardedninja the Gnoll Fighter began the quest for the
                  | Orb.
     0 | D:1      | Reached XP level 1. HP: 23/23 MP: 1/1
    54 | D:1      | Found Nafrog's Antique Weapon Shop.
   899 | D:2      | Reached XP level 2. HP: 27/29 MP: 2/2
   973 | D:2      | Reached XP level 3. HP: 35/35 MP: 2/4
  1005 | D:2      | Reached skill level 1 in Invocations
  1120 | D:2      | Reached skill level 1 in Short Blades
  1120 | D:2      | Reached skill level 1 in Long Blades
  1120 | D:2      | Reached skill level 1 in Maces & Flails
  1120 | D:2      | Reached skill level 1 in Polearms
  1120 | D:2      | Reached skill level 1 in Staves
  1120 | D:2      | Reached skill level 1 in Ranged Weapons
  1120 | D:2      | Reached skill level 1 in Throwing
  1120 | D:2      | Reached skill level 1 in Dodging
  1120 | D:2      | Reached skill level 1 in Stealth
  1120 | D:2      | Reached skill level 1 in Unarmed Combat
  1120 | D:2      | Reached skill level 1 in Spellcasting
  1120 | D:2      | Reached skill level 1 in Evocations
  1238 | D:2      | Found a faded altar of an unknown god.
  1325 | D:2      | Found a runed translucent door.
  1326 | D:2      | Noticed Crazy Yiuf
  1356 | D:2      | Reached XP level 4. HP: 41/41 MP: 5/5
  1438 | D:2      | Noticed Natasha
  1445 | D:2      | Reached skill level 1 in Conjurations
  1445 | D:2      | Reached skill level 1 in Hexes
  1445 | D:2      | Reached skill level 1 in Summonings
  1445 | D:2      | Reached skill level 1 in Necromancy
  1445 | D:2      | Reached skill level 1 in Translocations
  1445 | D:2      | Reached skill level 1 in Transmutations
  1445 | D:2      | Reached skill level 1 in Fire Magic
  1445 | D:2      | Reached skill level 1 in Ice Magic
  1445 | D:2      | Reached skill level 1 in Air Magic
  1445 | D:2      | Reached skill level 1 in Earth Magic
  1445 | D:2      | Reached skill level 1 in Poison Magic
  1452 | D:2      | Killed Natasha
  1663 | D:2      | Noticed Natasha
  1672 | D:2      | Killed Natasha
  1673 | D:2      | Reached XP level 5. HP: 47/47 MP: 5/7
  1969 | D:2      | Noticed Natasha
  1977 | D:2      | Killed Natasha
  2667 | D:3      | Reached XP level 6. HP: 50/53 MP: 8/8
  3048 | D:3      | Found a burning altar of Makhleb.
  3054 | D:3      | Found a white marble altar of Elyvilon.
  3057 | D:3      | Found a hide-covered altar of Uskayaw.
  3057 | D:3      | Found an iron altar of Okawaru.
  3064 | D:3      | Found an ancient bone altar of Kikubaaqudgha.
  3252 | D:4      | Reached skill level 5 in Axes
  3329 | D:3      | Succumbed to a gnoll bouda's poison

Illustrated notes

Levels and vault maps discovered:
D:1:      denvon_arrival_planthouse, layout_loops_corners, serial_shops,
          nicolae_diamond_shop
D:2:      layout_basic, shapermc_ecumenical_altar_mp_ritualfount, uniq_natasha,
          uniq_crazy_yiuf_cottage
D:3:      layout_rooms, nicolae_overflow_hallway_of_the_gods,
          serial_co_window_serial, co_window_paths_a, co_window_paths_a,
          co_window_corner_a, co_window_corner_a, co_window_paths_b,
          co_window_corner_cb, co_window_broadway_c, co_window_cross_3,
          co_window_of_opportunity_b, co_window_corner_b, co_window_4corner_a,
          glass_columns_c, glass_columns_a, glass_columns_a
D:4:      layout_gridville

Skill      XL: |  1  2  3  4  5  6 |
---------------+-------------------+-----
Invocations    | 1 2 |  2.2
Short Blades   | 1 2 |  2.0
Long Blades    | 1 2 |  2.0
Maces & Flails | 1 2 |  2.0
Polearms       | 1 2 |  2.0
Staves         | 1 2 |  2.0
Ranged Weapons | 1 2 |  2.0
Throwing       | 1 2 |  2.0
Dodging        | 1 2 |  2.0
Stealth        | 1 2 |  2.0
Unarmed Combat | 1 2 |  2.0
Spellcasting   | 1 2 |  2.0
Evocations     | 1 2 |  2.0
Conjurations   | 1 |  1.6
Hexes          | 1 |  1.6
Summonings     | 1 |  1.6
Necromancy     | 1 |  1.6
Translocations | 1 |  1.6
Transmutations | 1 |  1.6
Fire Magic     | 1 |  1.6
Ice Magic      | 1 |  1.6
Air Magic      | 1 |  1.6
Earth Magic    | 1 |  1.6
Poison Magic   | 1 |  1.6
Axes           | 5 |  5.0
Fighting       | |  6.8
Armour         | |  6.8
Shields        | |  6.8

Action                     |  1- 3 |  4- 6 || total
---------------------------+-------+-------++-------
  Melee: War axe           |    64 |   122 ||   186
         Bite              |     5 |     7 ||    12
  Throw: Boomerang         |       |    38 ||    38
    Use: Scroll            |     3 |     2 ||     5
         Potion            |       |     1 ||     1
 Armour: Scale mail        |     3 |       ||     3
         Chain mail        |    39 |    88 ||   127
  Dodge: Dodged            |    19 |    31 ||    50
  Block: Buckler           |    12 |    37 ||    49

Table legend: (Time is in decaauts)
 A = Elapsed time spent in this place.
 B = Non-inter-level travel time spent in this place.
 C = Inter-level travel time spent in this place.
 D = Time resting spent in this place.
 E = Time spent auto-exploring this place.
 F = Levels seen in this place.
 G = Mean time per level.
                   A        B        C        D        E       F      G
               +--------+--------+--------+--------+--------+-----+--------+
         Total |   3392 |   3120 |    272 |    401 |   2136 |   4 |  848.0 |
       Dungeon |   3392 |   3120 |    272 |    401 |   2136 |   4 |  848.0 |
               +--------+--------+--------+--------+--------+-----+--------+

Top non-repeatable levels by time:
     D:2: 1283 daAuts
     D:3: 1009 daAuts
     D:1: 893 daAuts
     D:4: 206 daAuts
